 Dungeon Crawl Stone Soup version 0.17-a0-2055-gb4e23be (webtiles) character file.

184 derrpe the Firebug (level 5, -5/43 HPs)
             Began as a Tengu Fire Elementalist on Oct 12, 2015.
             Killed by divine providence
             ... invoked by an orc priest
              (14 damage)
             ... on level 3 of the Dungeon.
             The game lasted 00:04:29 (3138 turns).

derrpe the Firebug (Tengu Fire Elementalist)        Turns: 3138, Time: 00:04:29

Health: -5/43      AC: 22    Str:  6 (8)  XL:     5   Next: 64%
Magic:  0/9        EV:  2    Int: 22      God:
Gold:   141        SH:  0    Dex: 14      Spells: 2 memorised, 4 levels left

rFire  . . .     SeeInvis .     m - +1 quarterstaff
rCold  . . .     Clarity  .     (armour currently unavailable)
rNeg   + + +     SustAt   .     (no shield)
rPois  +         Gourm    .     (helmet currently unavailable)
rElec  .         Spirit   .     (cloak currently unavailable)
rCorr  .         Warding  .     (gloves currently unavailable)
rMut   .         NoTele   +     (boots unavailable)
MR     .....                    h - amulet of inaccuracy (curse)
Stlth  ++........               (no ring)
                                (no ring)

@: brilliant, tree-form, not resistant to hostile enchantments, unstealthy
A: (beak), (talons 0), able to fly 1
a: Fly


You were on level 3 of the Dungeon.
You were not hungry.
You were a tree.
You visited 1 branch of the dungeon, and saw 3 of its levels.

You collected 141 gold pieces.

Inventory:

Hand Weapons
 e - a +0 spear
 m - a +1 quarterstaff (weapon)
Missiles
 w - 6 javelins (quivered)
Armour
 a - a +1 robe (melded)
 t - a +0 pair of gloves (melded)
Jewellery
 h - a cursed amulet of inaccuracy (around neck)
Scrolls
 d - a scroll of enchant armour
 n - 2 scrolls of magic mapping
 p - a scroll of identify
 r - a scroll of fog {unknown}
Potions
 f - 3 potions of curing
 k - 2 potions of brilliance
 o - a potion of lignification
 q - a potion of mutation {unknown}
 s - a potion of resistance {unknown}
 v - a potion of berserk rage {unknown}
Books
 b - a book of Flames

   Spells                             Type                      Level
   a - Flame Tongue                   Conjuration/Fire             1
   b - Throw Flame                    Conjuration/Fire             2
   c - Conjure Flame                  Conjuration/Fire             3
   d - Inner Flame                    Hexes/Fire                   3
   e - Sticky Flame                   Conjuration/Fire             4
   f - Fireball                       Conjuration/Fire             5
Comestibles
 c - a bread ration {@e1}
 g - 3 chunks of flesh {@w0}
 j - 6 meat rations {@e2}
 l - a slice of pizza
 u - 5 fruits


   Skills:
 - Level 1.5 Fighting
 - Level 1.2 Armour
 - Level 3.0 Dodging
 - Level 2.0 Stealth
 + Level 2.2 Spellcasting
 * Level 3.6 Conjurations
 * Level 4.8 Fire Magic


You had 4 spell levels left.
You knew the following spells:

 Your Spells              Type           Power        Failure   Level  Hunger
a - Flame Tongue          Conj/Fire      ####.        1%          1    None
b - Conjure Flame         Conj/Fire      ####....     1%          3    ###....


Dungeon Overview and Level Annotations

Branches:
Dungeon (3/15)

Altars:
Makhleb
Qazlal


Innate Abilities, Weirdness & Mutations

((You have a beak for a mouth.))
((You have claws for feet.))
You can fly.


Message History

Casting: Flame Tongue
Confirm with . or Enter, or press ? or * to list all spells.
You don't have enough magic to cast that spell.
You hit the orc wizard.
You kill the orc wizard!
The adder bites you but does no damage.
Casting: Flame Tongue
Confirm with . or Enter, or press ? or * to list all spells.
You don't have enough magic to cast that spell.
You miss the adder. The adder bites you but does no damage.
The orc priest mumbles some strange prayers to Beogh against you.
Something smites you!
* * * LOW HITPOINT WARNING * * *
Casting: Flame Tongue
Confirm with . or Enter, or press ? or * to list all spells.
You don't have enough magic to cast that spell.
You closely miss the adder. The adder bites you but does no damage.
The orc priest invokes the aid of Beogh against you.
Something smites you!
You die...

#.### #...# #.#.# #.#.# #.#.#
##### #.#.###### #...#
#.#......# #...# ####
##.######.########...#######...
#...........oS♣................
#......<#.########..)#######...
#.##...##.......##...##....####
#...............##...##....# #
#.#####.###.......##...##....#
# #.......#
###############....# #
#######.###........# #....# #
..........)........# #....# #
#####.#.##.........# #....# #


You could see an orc priest and an adder.

Vanquished Creatures
  An orc wizard (D:3)
  A hound (D:3)
  4 adders
  An ooze (D:3)
  A worm (D:2)
  2 giant geckos
  9 orcs (D:3)
  6 bats
  2 giant cockroaches (D:3)
  13 goblins
  8 hobgoblins
  3 jackals (D:1)
  A quokka (D:3)
  A giant newt (D:1)
  5 kobolds
  11 rats
69 creatures vanquished.

Notes
Turn   | Place    | Note
--------------------------------------------------------------
     0 | D:1      | derrpe the Tengu Fire Elementalist began the quest for the Orb.
     0 | D:1      | Reached XP level 1. HP: 10/10 MP: 4/4
   347 | D:1      | Reached XP level 2. HP: 5/16 MP: 0/6
  1020 | D:1      | Reached XP level 3. HP: 13/20 MP: 2/7
  1253 | D:2      | Learned a level 3 spell: Conjure Flame
  1472 | D:2      | Reached skill level 1 in Fighting
  1612 | D:2      | Reached skill level 4 in Fire Magic
  1768 | D:2      | Found a stormy altar of Qazlal.
  1774 | D:2      | Reached skill level 1 in Armour
  1774 | D:2      | Reached XP level 4. HP: 25/25 MP: 6/8
  2771 | D:3      | Found a burning altar of Makhleb.
  2774 | D:3      | Gained mutation: You can fly. [Tengu growth]
  2774 | D:3      | Reached XP level 5. HP: 29/29 MP: 5/9
  3138 | D:3      | Killed from afar by an orc priest

Vault maps used:
D:1:      dpeg_arrival_rooms_c, serial_forest, infiniplex_forest_zigzag_1,
          infiniplex_forest_lined_room_3, infiniplex_forest_straight_1,
          infiniplex_forest_lined_2, infiniplex_forest_lined_room_3,
          infiniplex_forest_zigzag_2
D:2:      old_standard_altar
D:3:      makhleb_blood_cavern_becter

Action                   |  1- 3 |  4- 6 || total
-------------------------+-------+-------++-------
Melee: Spear             |    13 |       ||    13
       Unarmed           |     2 |       ||     2
       Quarterstaff      |     1 |    19 ||    20
 Cast: Flame Tongue      |    57 |    79 ||   136
  Use: Scroll            |     4 |       ||     4
       Potion            |       |     4 ||     4
  Eat: Chunk             |     4 |     5 ||     9
